 Dungeon Crawl Stone Soup version 0.29-a0-323-g050149af67 (webtiles) character file.

Game seed: 13378372456666971779

1 spaghetti the Sneak (level 1, -1/14 HPs)
             Began as an Octopode Brigand on Apr 11, 2022.
             Slain by a jackal (3 damage)
             ... on level 1 of the Dungeon.
             The game lasted 00:00:09 (100 turns).

spaghetti the Sneak (Octopode Brigand)               Turns: 100, Time: 00:00:09

Health: -1/14      AC:  1    Str: 10    XL:     1   Next: 20%
Magic:  1/1        EV: 12    Int: 13    God:
Gold:   0          SH:  0    Dex: 13    Spells: 0/0 levels left

rFire   . . .      SeeInvis .   a - +2 dagger {short}
rCold   . . .      Faith    .   (no shield)
rNeg    . . .      Spirit   .   (helmet restricted)
rPois   .          Reflect  .   (no amulet)
rElec   .          Harm     .   (no ring)
rCorr   .          Rampage  .   (no ring)
Will    .....                   (no ring)
Stlth   ++++......              (no ring)
HPRegen 0.04/turn               (no ring)
MPRegen 0.07/turn               (no ring)
                                (no ring)
                                (no ring)

@: no status effects
A: almost no armour, amphibious, 8 rings, camouflage 1, gelatinous body 1,
(nimble swimmer 1), tentacles
a: no special abilities


You were on level 1 of the Dungeon.
You visited 1 branch of the dungeon, and saw 1 of its levels.


Innate Abilities, Weirdness & Mutations

You cannot wear most types of armour.
You are amphibious.
You can wear up to eight rings at the same time.
Your skin changes colour to match your surroundings (Stealth+).
Your rubbery body absorbs attacks. (AC +1, EV +1)
((You are camouflaged when in or above water. (Stealth+)))
You have tentacles for arms and can constrict up to eight enemies at once.


   Skills:
 - Level 2.0 Fighting
 - Level 2.0 Short Blades
 - Level 2.0 Throwing
 - Level 1.0 Dodging
 + Level 5.4 Stealth


You couldn't memorise any spells.
You didn't know any spells.
Your spell library was empty.

Inventory:

Hand Weapons
 a - a +2 dagger (weapon) {short}
Missiles
 b - 9 poisoned darts (quivered) {throwing}
 c - 3 curare-tipped darts {=fthrowing}
 d - 26 stones {throwing}

Dungeon Overview and Level Annotations

Branches:
Dungeon (1/15)

Altars:

## #. ... #. #...
#.######...# #
#h.........# ##
#..........# .##
#...h[.....# ..+
#..h@w.....# ..#
#....K.....# #.#
#..........# #.#
#.######+### #.#
#........# #.#
######....### #.#
#####.........+.#
..####.............#.#
..'.##.............#.#


You could see a dart slug, 3 jackals and a kobold.


Message History

🤖 Initializing magus.rc ...
Options error: Delay interrupt name "hungry" not recognised. (~/.crawlrc:4761) Options error: Bad monster_list_colour key: strict_neutral (~/.crawlrc:4776) ✅ Successfully initialized magus.rc [v1.9.6] Welcome, spaghetti the Octopode Brigand.
The heart of this dungeon contains the majestic artefact, the Orb of Zot.
Press ? for a list of commands and other information.
Found a staircase leading out of the dungeon.
A rat comes into view.
A rat is nearby!
A rat is nearby!
A rat is nearby!
The helpless rat fails to defend itself.
You impale the rat!!
You kill the rat!
No target in view!
No target in view!
No target in view!
No target in view!
No target in view!
d - 26 stones {throwing} Key pressed, stopping explore.
You open the door.
There is an open door here.
A frilled lizard comes into view.
The frilled lizard hisses angrily.
A frilled lizard is nearby!
The frilled lizard closely misses you.
A frilled lizard is nearby!
A frilled lizard is nearby!
You hit the frilled lizard.
You kill the frilled lizard!
No target in view!
No target in view!
No target in view!
No target in view!
No target in view!
No target in view!
You open the door.
There is an open door here.
Key pressed, stopping explore.
Found a stone staircase leading down.
A dart slug and a jackal come into view.
A kobold and a jackal come into view.
The kobold shouts!
The jackal barks! x2
The kobold throws a stone.
The stone completely misses you. The dart slug launches a dart at you.
The slug dart hits you.
The jackal moves out of view.
A jackal comes into view. 😮 HP[-6]
You take 6 damage, and now have 8/14 hp.
MASSIVE DAMAGE!! (PAUSE)
You are too injured to fight recklessly!
The dart slug bites you.
* * * LOW HITPOINT WARNING * * *
😨 HP[-1]
You take 1 damage, and now have 7/14 hp.
You barely miss the dart slug.
The jackal barks!
You grab the dart slug. You constrict the dart slug.
The jackal barely misses you. The dart slug launches a dart at you.
The slug dart hits you.
* * * LOW HITPOINT WARNING * * *
The jackal barely misses you. 😨 HP[-3]
You take 3 damage, and now have 4/14 hp.
MASSIVE DAMAGE!! (PAUSE)
You hit the dart slug. You constrict the dart slug. The jackal bites you.
* * * LOW HITPOINT WARNING * * *
The jackal bites you.
You die...

Action                   || total
-------------------------++-------
Melee: Dagger            ||     4
       Constrict         ||     1
 Stab: Sleeping          ||     1
Dodge: Dodged            ||     4

Levels and vault maps discovered:
D:1:      roderic_octagonal_star, layout_basic, minmay_split_cup_small

Notes
Turn   | Place    | Note
-------+----------+-------------------------------------------
     0 | D:1      | spaghetti the Octopode Brigand began the quest for the Orb.
     0 | D:1      | Reached XP level 1. HP: 14/14 MP: 1/1
     0 | D:1      | magus.rc [v1.9.6]
   100 | D:1      | HP: 2/14 [jackal (3)]
   100 | D:1      | Slain by a jackal

Vanquished Creatures
  A frilled lizard (D:1)
  A rat (D:1)
2 creatures vanquished.

Table legend:
 A = Non-vault XP
 B = Vault XP
 C = Vault XP percentage of total XP
 D = Non-vault monster count
 E = Vault monster count
 F = Vault count percentage of total count
                 A         B        C        D         E       F
            +---------+---------+-------+---------+---------+-------
      Total |       2 |       0 |   0.0 |       2 |       0 |   0.0
            +---------+---------+-------+---------+---------+-------
        D:1 |       2 |       0 |   0.0 |       2 |       0 |   0.0
            +---------+---------+-------+---------+---------+-------

Illustrated notes

Table legend:
 A = Kills in this place as a percentage of kills in entire the game.
 B = Kills by you in this place as a percentage of kills by you in the entire game.
 C = Kills by friends in this place as a percentage of kills by friends in the entire game.
 D = Other kills in this place as a percentage of other kills in the entire game.
 E = Experience gained in this place as a percentage of experience gained in the entire game.
 F = Experience gained in this place divided by the number of levels of this place that you have seen.
                   A       B       C       D       E      F
               +-------+-------+-------+-------+-------+----------------------
         Total | 100.0 | 100.0 |   N/A |   N/A | 100.0 |   2.0
       Dungeon | 100.0 | 100.0 |   N/A |   N/A | 100.0 |   2.0
               +-------+-------+-------+-------+-------+----------------------

Table legend: (Time is in decaauts)
 A = Elapsed time spent in this place.
 B = Non-inter-level travel time spent in this place.
 C = Inter-level travel time spent in this place.
 D = Time resting spent in this place.
 E = Time spent auto-exploring this place.
 F = Levels seen in this place.
 G = Mean time per level.
                   A        B        C        D        E       F      G
               +--------+--------+--------+--------+--------+-----+--------+
         Total |     99 |     99 |      0 |      0 |     82 |   1 |   99.0 |
       Dungeon |     99 |     99 |      0 |      0 |     82 |   1 |   99.0 |
               +--------+--------+--------+--------+--------+-----+--------+

Top non-repeatable levels by time:
     D:1: 99 daAuts
